 Dungeon Crawl Stone Soup version 0.28-a0-1356-g2ad6d04315 (webtiles) character file.

Game seed: 12916298727913921941

2649 dolemite99 the Carver (level 9, 0/79 HPs)
             Began as a Minotaur Gladiator on Dec 30, 2021.
             Was a Follower of Yredelemnul.
             Killed from afar by an electric eel (13 damage)
             ... with a bolt of electricity
             ... on level 6 of the Dungeon.
             The game lasted 00:09:14 (9788 turns).

dolemite99 the Carver (Minotaur Gladiator)          Turns: 9788, Time: 00:09:14

Health: 0/79       AC: 10    Str: 24    XL:     9   Next: 36%
Magic:  8/8        EV:  9    Int:  5    God:    Yredelemnul [*.....]
Gold:   153        SH:  0    Dex: 11    Spells: 8/8 levels left

rFire   . . .      SeeInvis .   a - +0 long sword
rCold   . . .      Faith    .   (no shield)
rNeg    . . .      Spirit   .   p - +0 chain mail
rPois   .          Reflect  .   c - +0 hat
rElec   .          Harm     .   (no cloak)
rCorr   .          Rampage  .   (no gloves)
Will    .....                   (no boots)
Stlth   ..........              (no amulet)
HPRegen 0.23/turn               (no ring)
MPRegen 0.11/turn               (no ring)

@: about to teleport
A: horns 2, retaliatory headbutt
a: Renounce Religion, Recall Undead Harvest


You were on level 6 of the Dungeon.
You worshipped Yredelemnul.
Yredelemnul was noncommittal.
You visited 1 branch of the dungeon, and saw 6 of its levels.

You collected 270 gold pieces.
You spent 117 gold pieces at shops.

Inventory:

Hand Weapons
 a - a +0 long sword (weapon)
 b - a +0 dagger of venom
 e - a +0 dagger of draining
 k - a +0 dagger
 s - a +5 dagger of flaming
 y - a +0 hunting sling
 E - a +0 shortbow
Missiles
 d - a throwing net
 f - 37 poisoned darts (quivered)
 h - 82 arrows
 r - 167 stones
 u - a curare-tipped dart
 v - 13 sling bullets
Armour
 c - a +0 hat (worn)
 p - a +0 chain mail (worn)
 D - +0 steam dragon scales
Wands
 w - a wand of charming (11)
Scrolls
 j - 2 scrolls of enchant weapon {unknown}
 l - 2 scrolls of teleportation
 m - 3 scrolls of blinking {unknown}
 o - 3 scrolls of immolation
 A - a scroll of vulnerability {unknown}
 B - a scroll of enchant armour {unknown}
Potions
 g - 3 potions of curing
 i - 2 potions of attraction
 n - a potion of invisibility {unknown}
 q - a potion of haste {unknown}
 t - a potion of magic {unknown}
 x - a potion of mutation {unknown}
 z - a potion of flight {unknown}
 C - a potion of resistance {unknown}


   Skills:
 - Level 7.5 Fighting
 - Level 12.0 Long Blades
 - Level 2.0 Throwing
 + Level 7.0 Armour
 - Level 3.2 Dodging


You had 8 spell levels left.
You didn't know any spells.
Your spell library contained the following spells:

 Spells                   Type           Power      Damage    Failure   Level
 Ignite Poison            Fire/Tmut/Pois 0%         N/A       100%        3
 Mephitic Cloud           Conj/Pois/Air  0%         N/A       100%        3
 Freezing Cloud           Conj/Ice/Air   0%         6-21      100%        5


Dungeon Overview and Level Annotations

Branches:
Dungeon (6/15)
 Temple: D:4-7

Altars:
Elyvilon
Wu Jian
Yredelemnul
Zin
Beogh

Shops:
D:4 !   D:6 =

Annotations:
D:3 3 runed translucent doors, Crabhammer's ghost, amateur NaWz
D:6 4 runed translucent doors


Innate Abilities, Weirdness & Mutations

You have a pair of horns on your head.
You reflexively headbutt those who attack you in melee.


Message History

You slash the necrophage!
The necrophage is almost destroyed.
Your orc zombie hits the necrophage.
The necrophage is destroyed!
A black mist starts to gather...
Your Armour skill increases to level 7!
A centaur comes into view.
The centaur shouts!
You see here a poisoned dart.
A centaur is nearby!
f - 38 poisoned darts (gained 1)
The centaur wields a +0 shortbow.
The centaur shoots an arrow.
The arrow hits you!
The centaur shoots an arrow.
The arrow barely misses you. The arrow hits your orc zombie!
An electric eel comes into view.
The electric eel shoots out a bolt of lightning at you!
The bolt of electricity hits you!
The centaur shoots an arrow.
The arrow hits you but does no damage.
You throw a poisoned dart. The poisoned dart hits the centaur.
The centaur is poisoned.
The centaur shoots an arrow.
The arrow barely misses you.
The electric eel shoots out a bolt of lightning at you!
The bolt of electricity hits you!
The centaur shoots an arrow.
The arrow closely misses you.
The centaur shoots an arrow.
The arrow hits you.
You are too injured to fight recklessly!
The centaur shoots an arrow.
The arrow hits you!
The centaur shoots an arrow.
The arrow hits you!
* * * LOW HITPOINT WARNING * * *
The electric eel shoots out a bolt of lightning at you!
The bolt of electricity hits you!
* * * LOW HITPOINT WARNING * * *
As you read the scroll of teleportation, it crumbles to dust.
You feel strangely unstable.
The centaur unwields a +0 shortbow.
The centaur hits you but does no damage.
The centaur kicks you but does no damage.
The electric eel shoots out a bolt of lightning at you!
The bolt of electricity hits you!
You die...
Your body rises from the dead as a mindless zombie.

..≈≈#
##≈≈....#......# ≈
##≈....#...####
#≈≈...##..#
##≈....#...#
##≈≈....##.## ≈
##≈≈....⌠##.#
.≈≈###≈≈Z....###.#
..≈≈S≈≈Z....####.##
....≈..@...####.>.##
.......c..####.....##
......(..##.........#
#⌠.....⌠###.##......#
###'''### #.###...#.#
#...#.###.####.##.#
#..##..........##.#
#.. #####.#######.#
#.# #.#


You could see a centaur (poisoned), an electric eel (ally target), a friendly
orc zombie and a friendly necrophage zombie.

Vanquished Creatures
  Pikel (D:5)
  3 water moccasins (D:6)
  3 sky beasts
  2 ogres
  A centaur (D:6)
  2 phantoms (D:5)
  A kobold brigand (D:4)
  2 scorpions (D:5)
  4 wights (D:6)
  3 hounds (D:5)
  A jelly (D:5)
  A bullfrog zombie (D:5)
  6 orc priests
  A centaur zombie (D:6)
  Jessica (D:2)
  2 bullfrog skeletons (D:6)
  A gnoll shaman (D:4)
  An iguana (D:5)
  An orc wizard (D:3)
  A hound skeleton (D:4)
  4 gnolls
  A howler monkey skeleton (D:5)
  6 adders
  A white imp (D:6)
  An adder skeleton (D:4)
  A dart slug (D:3)
  13 orcs
  7 endoplasms
  3 giant cockroaches
  7 goblins
  9 hobgoblins
  4 jackals (D:4)
  4 quokkas
  8 ball pythons
  7 bats
  5 frilled lizards
  9 kobolds
  7 rats
135 creatures vanquished.

Vanquished Creatures (collateral kills)
  A necrophage (D:6)
1 creature vanquished.

Grand Total: 136 creatures vanquished

Notes
Turn   | Place    | Note
-------+----------+-------------------------------------------
     0 | D:1      | dolemite99 the Minotaur Gladiator began the quest for the
                  | Orb.
     0 | D:1      | Reached XP level 1. HP: 18/18 MP: 0/0
   141 | D:1      | Reached skill level 4 in Long Blades
   337 | D:1      | Reached XP level 2. HP: 25/25 MP: 1/1
   436 | D:1      | Reached skill level 5 in Long Blades
   628 | D:1      | Reached XP level 3. HP: 30/30 MP: 2/2
  1504 | D:2      | Noticed Jessica
  1508 | D:2      | Killed Jessica
  1509 | D:2      | Reached skill level 6 in Long Blades
  1509 | D:2      | Reached XP level 4. HP: 36/37 MP: 3/3
  2730 | D:3      | Reached XP level 5. HP: 42/42 MP: 4/4
  2736 | D:3      | Reached skill level 7 in Long Blades
  2859 | D:3      | Found a runed translucent gate.
  2859 | D:3      | Found a runed translucent gate.
  2859 | D:3      | Found a runed translucent gate.
  2862 | D:3      | Noticed Crabhammer's ghost (amateur NaWz)
  3116 | D:3      | Found a faded altar of an unknown god.
  3147 | D:3      | Found an ornate altar of the Wu Jian Council.
  4188 | D:3      | Reached skill level 8 in Long Blades
  4386 | D:4      | Reached XP level 6. HP: 38/50 MP: 5/5
  4590 | D:4      | Found Xuchung's Distillery.
  4624 | D:4      | Bought a potion of curing for 39 gold pieces
  4847 | D:4      | Found a glowing silver altar of Zin.
  5237 | D:4      | Reached skill level 9 in Long Blades
  5749 | D:4      | Bought a potion of lignification for 39 gold pieces
  5838 | D:5      | Entered Level 5 of the Dungeon
  6142 | D:5      | Noticed a sky beast
  6168 | D:5      | Killed a sky beast
  6169 | D:5      | Reached skill level 10 in Long Blades
  6169 | D:5      | Reached XP level 7. HP: 28/56 MP: 6/6
  6588 | D:5      | Noticed Pikel
  6604 | D:5      | Killed Pikel
  6605 | D:5      | Reached skill level 11 in Long Blades
  6605 | D:5      | Reached XP level 8. HP: 62/62 MP: 7/7
  6662 | D:5      | Reached skill level 12 in Long Blades
  6676 | D:5      | Reached skill level 1 in Armour
  7035 | D:5      | Reached skill level 5 in Armour
  8046 | D:6      | Found a white marble altar of Elyvilon.
  8663 | D:6      | Found a large runed translucent door.
  8663 | D:6      | Found a large runed translucent door.
  8799 | D:6      | Noticed a troll
  8823 | D:6      | Reached skill level 5 in Fighting
  8823 | D:6      | Reached XP level 9. HP: 69/74 MP: 8/8
  8998 | D:6      | Found a large runed translucent door.
  8998 | D:6      | Found a large runed translucent door.
  9080 | D:4      | Bought a potion of attraction for 39 gold pieces
  9125 | D:6      | Found Ogigrini's Jewellery Shoppe.
  9199 | D:6      | Found a basalt altar of Yredelemnul.
  9207 | D:6      | Became a worshipper of Yredelemnul the Dark
  9780 | D:6      | Reached * piety under Yredelemnul
  9788 | D:6      | Killed from afar by an electric eel

Illustrated notes

Levels and vault maps discovered:
D:1:      minmay_arrival_glassed_features, layout_loops_ring,
          minmay_misc_feat_columns, minmay_tromino_i2
D:2:      layout_loops_ring, kennysheep_generic_room_12, uniq_jessica
D:3:      layout_rooms, nzn_wu_jian_contemplation,
          dreamdust_ecumenical_altar_hidden_monk_grotto,
          biasface_ghost_orc_armoury, chequers_jeans
D:4:      wander_river, layout_rooms, zin_scriptorium, serial_shops,
          nicolae_shop_waterfront, hangedman_abyss_or_decor_stagger
D:5:      layout_loops_corners, uniq_pikel
D:6:      layout_loops_ring, kennysheep_ying_yang, serial_shops, shop_coins,
          kennysheep_donut, minmay_hollow_rounded_squares

Skill      XL: |  1  2  3  4  5  6  7  8  9 |
---------------+----------------------------+-----
Long Blades    | 4 5 6 8 10 11 12 | 12.0
Armour         | 6 7 |  7.0
Fighting       | 5 7 |  7.5
Throwing       | |  2.0
Dodging        | |  3.2

Action                   |  1- 3 |  4- 6 |  7- 9 || total
-------------------------+-------+-------+-------++-------
Melee: Long sword        |    56 |   100 |   156 ||   312
       Headbutt          |     7 |    24 |    34 ||    65
       Dagger            |       |    45 |       ||    45
Throw: Dart              |    38 |    39 |    10 ||    87
       Throwing net      |       |       |     2 ||     2
  Use: Scroll            |       |     3 |     3 ||     6
       Potion            |       |     1 |     1 ||     2
Armor: Leather armour    |    14 |    10 |       ||    24
       Chain mail        |       |    52 |    56 ||   108
       Skin              |       |     4 |       ||     4
Dodge: Dodged            |    37 |    65 |    65 ||   167

Table legend: (Time is in decaauts)
 A = Elapsed time spent in this place.
 B = Non-inter-level travel time spent in this place.
 C = Inter-level travel time spent in this place.
 D = Time resting spent in this place.
 E = Time spent auto-exploring this place.
 F = Levels seen in this place.
 G = Mean time per level.
                   A        B        C        D        E       F      G
               +--------+--------+--------+--------+--------+-----+--------+
         Total |   9794 |   9521 |    273 |   4332 |   3818 |   6 | 1632.3 |
       Dungeon |   9794 |   9521 |    273 |   4332 |   3818 |   6 | 1632.3 |
               +--------+--------+--------+--------+--------+-----+--------+

Top non-repeatable levels by time:
     D:5: 2226 daAuts
     D:3: 1957 daAuts
     D:6: 1664 daAuts
     D:4: 1534 daAuts
     D:2: 1430 daAuts
     D:1: 981 daAuts
